 Dungeon Crawl Stone Soup version 0.31.0-32-g396128a36d (webtiles) character file.

Game seed: 9365715172420995664

136 DildoBatman the Conjurer (level 5, -4/38 HPs)
             Began as a Formicid Conjurer on Apr 25, 2024.
             Slain by a sleepcap (13 damage)
             ... on level 4 of the Dungeon.
             The game lasted 00:07:51 (3196 turns).

DildoBatman the Conjurer (Formicid Conjurer)        Turns: 3196, Time: 00:07:52

Health: -4/38      AC:  3    Str: 12    XL:     5   Next: 43%
Magic:  1/9        EV:  2    Int: 19    God:
Gold:   85         SH:  0    Dex: 12    Spells: 6/9 levels left

rFire   + . .        e - +0 short sword
rCold   . . .        (no shield)
rNeg    . . .        u - +0 robe
rPois   +            (helmet unavailable)
rElec   .            (no cloak)
rCorr   .            (no gloves)
SInv    +            n - +0 pair of boots
Will    .....        (no amulet)
Stlth   ++           t - ring of poison resistance
HPRegen 0.26/turn    x - ring of protection from fire
MPRegen 0.11/turn

%: no passive effects
@: sleeping
A: permanent stasis, dig shafts and tunnels, antennae 3, four strong arms
a: Dig, Shaft Self


You were on level 4 of the Dungeon.
You visited 1 branch of the dungeon, and saw 4 of its levels.

You collected 85 gold pieces.

Inventory:

Hand Weapons
 a - a +0 sling
 e - a +0 short sword (weapon)
Missiles
 d - 30 stones
 m - 5 curare-tipped darts
 s - 5 boomerangs
Armour
 n - a +0 pair of boots (worn)
 u - a +0 robe (worn)
Magical Staves
 c - a staff of alchemy
Jewellery
 i - a ring of fire
 t - a ring of poison resistance (left hand)
 x - a ring of protection from fire (right hand)
Scrolls
 f - 2 scrolls of teleportation {unknown}
 g - 3 scrolls of blinking {unknown}
 h - 2 scrolls of revelation {unknown}
 j - 2 scrolls of identify {unknown}
 l - a scroll of silence {unknown}
 o - a scroll of fog {unknown}
 w - 3 scrolls of amnesia {unknown}
Potions
 b - 2 potions of magic
 k - 2 potions of heal wounds {unknown}
 p - a potion of attraction {unknown}
 q - 2 potions of cancellation {unknown}
 r - 2 potions of might {unknown}
 v - a potion of curing {unknown}


   Skills:
 + Level 1.9 Fighting
 + Level 2.0 Armour
 + Level 2.5 Dodging
 + Level 3.4 Stealth
 + Level 2.9 Spellcasting
 + Level 4.0 Conjurations


You had 6 spell levels left.
You knew the following spells:

 Your Spells              Type           Power      Damage    Failure   Level
a - Searing Ray           Conj           36%        2d5       4%          2
c - Magic Dart            Conj           72%        1d6       3%          1

Your spell library contained the following spells:

 Spells                   Type           Power      Damage    Failure   Level
 Kiss of Death            Conj/Necr      40%        2d8       7%          1
 Jinxbite                 Hex            4%         N/A       24%         2
 Lesser Beckoning         Tloc           4%         N/A       24%         2
 Scorch                   Fire           4%         2d5       24%         2
 Confusing Touch          Hex            2%         N/A       43%         3
 Frozen Ramparts          Ice            4%         1d1       43%         3
 Gell's Gravitas          Tloc           2%         N/A       43%         3
 Teleport Other           Tloc           2%         N/A       43%         3
 Flame Wave               Conj/Fire      10%        2d6       56%         4
 Fulminant Prism          Conj/Alch      5%         3d6       56%         4
 Iskenderun's Mystic Bla  Conj/Tloc      10%        2d4       56%         4
 Dispel Undead            Necr           2%         3d7       83%         4
 Leda's Liquefaction      Alch/Erth      1%         N/A       83%         4
 Petrify                  Alch/Erth      2%         N/A       83%         4
 Metabolic Englaciation   Hex/Ice        1%         N/A       99%         5
 Yara's Violent Unravell  Hex/Alch       1%         3d3       99%         5
 Summon Cactus Giant      Summ           1%         N/A       100%        6
 Enfeeble                 Hex            1%         N/A       100%        7


Dungeon Overview and Level Annotations

Branches:
Dungeon (4/15)
 Temple: D:4-7

Altars:
Gozag
Sif Muna
Xom

Annotations:
D:2 exclusion: phantom
D:3 exclusion: scorpion
D:4 exclusions: phantom and 2 sensed monsters (detected)


Innate Abilities, Weirdness & Mutations

You cannot be hasted, slowed, berserked, paralysed or teleported.
You can dig through walls and to a lower floor.
You have a pair of large antennae on your head. (SInv)
Your four strong arms can wield two-handed weapons with a shield.


Message History

Aiming: Magic Dart (safe; 3% risk of failure)
Press: ? - help, Shift-Dir - straight line, f/p - sleepcap
Aim: a sleepcap (heavily damaged, 100% to hit)
The magic dart hits the sleepcap.
The sleepcap is heavily damaged.
The sleepcap barely misses you.
Casting: Magic Dart (safe; 3% risk of failure)
Confirm with . or Enter, or press ? or * to list all spells.
You don't have enough magic to cast this spell.
You shoot a sling bullet. The sling bullet hits the sleepcap.
The sleepcap is severely damaged.
The sleepcap closely misses you.
e - a +0 short sword (weapon)
You hit the sleepcap but do no damage.
The sleepcap is severely damaged.
The sleepcap releases spores at you but does no damage.
You hit the sleepcap but do no damage.
The sleepcap is severely damaged.
The sleepcap barely misses you.
You hit the sleepcap.
The sleepcap is severely damaged.
The sleepcap barely misses you.
Your magical contamination has completely faded away.
You hit the sleepcap but do no damage.
The sleepcap is severely damaged.
The sleepcap releases spores at you.
You hit the sleepcap but do no damage.
The sleepcap is severely damaged.
The sleepcap barely misses you.
You hit the sleepcap but do no damage.
The sleepcap is severely damaged.
The sleepcap misses you.
You hit the sleepcap but do no damage.
The sleepcap is severely damaged.
The sleepcap releases spores at you!
You are engulfed in a cloud of soporific spores!
You fall asleep.
The sleepcap releases spores at you!
You die...

#..≈≈≈≈≈≈≈.≈≈≈≈≈...
#..................
.##.##..#..###......##..
.......<#....#...#...#..
................####....
#.....#.........# #....#
.....##.........###.....
#.....#..........#......
......f@............#...
.....#............######
#.. ###...........# # #
###.......### #.#..†.##
####...# #####


You could see a sleepcap.

Vanquished Creatures
  3 gnolls (D:3)
  4 adders
  A white imp (D:3)
  A dart slug (D:3)
  An orc (D:4)
  6 bats
  7 endoplasms
  2 giant cockroaches
  2 goblins
  6 hobgoblins
  2 quokkas
  12 ball pythons
  5 frilled lizards
  5 kobolds
  5 rats
62 creatures vanquished.

Notes
Turn   | Place    | Note
-------+----------+-------------------------------------------
     0 | D:1      | DildoBatman the Formicid Conjurer began the quest for the
                  | Orb.
     0 | D:1      | Reached XP level 1. HP: 13/13 MP: 3/3
   233 | D:1      | Reached XP level 2. HP: 20/20 MP: 1/5
   252 | D:1      | Learned a level 2 spell: Searing Ray
   623 | D:1      | Reached XP level 3. HP: 25/25 MP: 3/6
   816 | D:1      | Reached skill level 1 in Fighting
   967 | D:2      | Reached skill level 1 in Armour
  1113 | D:2      | Found a shimmering altar of Xom.
  1353 | D:2      | Found a faded altar of an unknown god.
  1595 | D:2      | Reached XP level 4. HP: 32/32 MP: 5/7
  2029 | D:3      | Noticed a phantom
  2137 | D:3      | Noticed a scorpion
  2171 | D:3      | Reached XP level 5. HP: 24/37 MP: 4/9
  2775 | D:3      | Reached skill level 4 in Conjurations
  3036 | D:4      | Found an opulent altar of Gozag.
  3050 | D:4      | Found a shimmering blue altar of Sif Muna.
  3155 | D:4      | Noticed a phantom
  3196 | D:4      | Slain by a sleepcap

Illustrated notes

Levels and vault maps discovered:
D:1:      erik_arrival_blinker_ship, layout_rooms, corexii_corridor_pit
D:2:      layout_basic, shapermc_ecumenical_altar_ellora, serial_glass,
          glass_columns_b, glass_columns_b, minmay_strange_pillars,
          minmay_strange_pillars, minmay_strange_pillars, basic_altar,
          nicolae_figureground_pulse
D:3:      layout_loops_ring, amcnicky_mini_rare_corridor_liquid
D:4:      layout_cave_pools, old_standard_altar,
          nicolae_qazlal_scattered_showers, mainiacjoe_overflow_catwalk_spiral,
          gammafunk_ghost_necromancy, hangedman_decor_growths,
          minmay_diced_spiral

Skill      XL: |  1  2  3  4  5 |
---------------+----------------+-----
Dodging        | 2 |  2.5
Fighting       | 1 |  1.9
Armour         | 1 2 |  2.0
Stealth        | 3 |  3.4
Conjurations   | 4 |  4.0
Spellcasting   | |  2.9

Action                     |  1- 3 |  4- 6 || total
---------------------------+-------+-------++-------
  Melee: Short sword       |     2 |     8 ||    10
         Punch             |       |     1 ||     1
   Fire: Sling             |       |    27 ||    27
   Cast: Magic Dart        |    64 |    52 ||   116
         Searing Ray       |     1 |     2 ||     3
 Armour: Robe              |     1 |    29 ||    30
  Dodge: Dodged            |     5 |    25 ||    30
